 Dungeon Crawl Stone Soup version 0.17-a0-1984-g55f5988 (webtiles) character file.

122 Ordine the Twirler (level 4, -4/55 HPs)
             Began as a Minotaur Gladiator on Oct 6, 2015.
             Slain by Crazy Yiuf
             ... wielding a +3 quarterstaff of chaos
              (15 damage)
             ... on level 3 of the Dungeon.
             The game lasted 00:06:01 (1971 turns).

Ordine the Twirler (Minotaur Gladiator)             Turns: 1971, Time: 00:06:01

Health: -4/55      AC: 22    Str: 19    XL:     4   Next: 78%
Magic:  0/3        EV:  2    Int:  5    God:
Gold:   134        SH:  0    Dex: 12    Spells: 0 memorised, 3 levels left

rFire  . . .     SeeInvis .     a - +0 quarterstaff
rCold  . . .     Clarity  .     (armour currently unavailable)
rNeg   + + +     SustAt   .     (no shield)
rPois  +         Gourm    .     (helmet currently unavailable)
rElec  .         Spirit   .     (cloak currently unavailable)
rCorr  .         Warding  .     (gloves currently unavailable)
rMut   .         NoTele   +     (boots currently unavailable)
MR     .....                    (no amulet)
Stlth  +.........               g - ring of teleportation (curse)
                                b - ring of flight

@: lethally poisoned (-4 -> -7), tree-form, very slightly contaminated, hasted
and slowed, not resistant to hostile enchantments, very unstealthy
A: (retaliatory headbutt), (horns 0), (talons 0), blurry vision 1, MP-powered
wands
a: Evoke Teleportation


You were on level 3 of the Dungeon.
You were not hungry.
You were a tree.
You visited 1 branch of the dungeon, and saw 3 of its levels.

You collected 134 gold pieces.

Inventory:

Hand Weapons
 a - a +0 quarterstaff (weapon)
Missiles
 d - 3 throwing nets (quivered)
Armour
 c - a +0 hat (melded)
 f - a +0 scale mail (melded)
 j - a +0 pair of boots (melded)
 o - a +0 pair of gloves (melded)
Jewellery
 b - a ring of flight (left branch)
 g - a cursed ring of teleportation (right branch)
Scrolls
 k - 2 scrolls of identify
Potions
 n - 3 potions of might
 p - a potion of haste
Comestibles
 e - 5 bread rations
 i - a meat ration
 m - 3 fruits


   Skills:
 - Level 2.4 Fighting
 + Level 6.7 Staves
 - Level 2.0 Throwing
 - Level 3.2 Dodging


You had 3 spell levels left.
You didn't know any spells.

Dungeon Overview and Level Annotations

Branches:
Dungeon (3/15)

Altars:
The Shining One

Annotations:
D:3 Crazy Yiuf


Innate Abilities, Weirdness & Mutations

((You reflexively headbutt those who attack you in melee.))
((You have a pair of horns on your head.))
((You have sharp toenails.))
Scrolls take you a little longer to read.
You expend magic power (3 MP) to strengthen your wands.


Message History

Crazy Yiuf is severely wounded.
You feel sick. Crazy Yiuf closely misses you.
Drink which item? (? for menu, Esc to quit)
You turn into a tree.
Your +0 hat melds into your body.
Your +0 pair of gloves melds into your body.
Your +0 pair of boots melds into your body.
Your +0 scale mail melds into your body.
Your roots penetrate the ground.
You feel strangely stable.
You feel sick. Crazy Yiuf hits you but does no damage.
You feel yourself slow down.
You closely miss Crazy Yiuf.
Crazy Yiuf is severely wounded.
Crazy Yiuf sings, "Trees, trees, trees, circus!"
Crazy Yiuf hits you with a quarterstaff of chaos.
* * * LOW HITPOINT WARNING * * *
You feel yourself speed up.
You are very lightly contaminated with residual magic.
You closely miss Crazy Yiuf.
Crazy Yiuf is severely wounded.
You feel sick. Crazy Yiuf hits you but does no damage.
You are electrocuted!
You die...

#..)...# #......#
#......# #.#########
#.# #.# #.#### ####
#....### ###..)#
#####......####.♣g..#
............#..##...#
....)).....#.### ####
.....).#######
.......# ....(..###
##### ###(#†...#
#...# #.####.# #...#
#.# #.# #...#


You could see Crazy Yiuf.

Vanquished Creatures
  An orc priest (D:3)
  Terence (D:2)
  2 adders (D:2)
  An ooze (D:1)
  6 orcs (D:3)
  3 bats
  A giant cockroach (D:1)
  5 hobgoblins
  5 jackals
  A quokka (D:2)
  4 giant newts
  5 goblins
  4 kobolds
  3 rats
42 creatures vanquished.

Notes
Turn   | Place    | Note
--------------------------------------------------------------
     0 | D:1      | Ordine the Minotaur Gladiator began the quest for the Orb.
     0 | D:1      | Reached XP level 1. HP: 18/18 MP: 0/0
    72 | D:1      | Reached skill level 4 in Staves
   181 | D:1      | Reached XP level 2. HP: 25/25 MP: 1/1
   772 | D:2      | Found a glowing golden altar of the Shining One.
   780 | D:2      | Reached skill level 5 in Staves
   780 | D:2      | Reached XP level 3. HP: 30/30 MP: 2/2
   898 | D:2      | Noticed Terence
   909 | D:2      | Killed Terence
  1149 | D:2      | Reached skill level 6 in Staves
  1149 | D:2      | Reached XP level 4. HP: 32/37 MP: 3/3
  1710 | D:3      | Gained mutation: Scrolls take you a little longer to read. [potion of mutation]
  1710 | D:3      | Gained mutation: You have sharp toenails. [potion of mutation]
  1710 | D:3      | Gained mutation: You expend magic power (3 MP) to strengthen your wands. [potion of mutation]
  1957 | D:3      | Noticed Crazy Yiuf
  1971 | D:3      | Slain by Crazy Yiuf

Vault maps used:
D:1:      minmay_arrival_shattered_statue, serial_bayou_lagoon_b
D:2:      tso_metal_star, minmay_misc_feat_square, uniq_terence
D:3:      kennysheep_goblin_castle, first_bread, uniq_crazy_yiuf_cottage

Action                   |  1- 3 |  4- 6 || total
-------------------------+-------+-------++-------
Melee: Quarterstaff      |    73 |    44 ||   117
  Use: Scroll            |     8 |     2 ||    10
       Potion            |       |     2 ||     2
  Eat: Chunk             |     1 |     2 ||     3
